AoeStats
← ThunderboltX

Golden Pit

509474821Analyzed
1v1 RM · 5d ago on Sep 26, 2026· 25m 49s· 2 players
Game mode
Random Map
Map size
Tiny (2 player)
Population
200
Speed
Normal
Resources
Standard
Victory
Conquest
Starting age
Dark Age
Ending age
Imperial Age
RankedLock teamsTeams togetherTeam positionsShared explorationLock speedFull tech treeHidden civsTurbo modeCheats
Victory
Defeat
🇧🇬 Turks · Bulgaria
2377
+24
🇲🇦 Saracens · Morocco
2569
-24
OS+ | TeMo
7:19 Loom
10:46 Feudal Age
15:21 Castle Age
15:24 Crossbowman
16:23 Fletching
17:31 Bodkin Arrow
18:58 Padded Archer Armor
21:42 Leather Archer Armor
ThunderboltX
5:39 Loom
8:57 Feudal Age
8:00 Loom
9:24 Double-Bit Axe
9:48 Horse Collar
15:03 Bloodlines
16:22 Scale Barding Armor
20:33 Forging
25:40 Castle Age
26:41 Chain Barding Armor
Connection lost

Rejoining the realm…

Still unreachable

The connection could not be restored.

Session expired

The server has moved on; the page needs a fresh start.